 Dungeon Crawl Stone Soup version 0.17.0-28-g6e173f8 (webtiles) character file.

368 PossumBlood the Conjurer (level 6, -5/37 HPs)
             Began as a High Elf Conjurer on Nov 25, 2015.
             Slain by a centaur skeleton (6 damage)
             ... on level 5 of the Dungeon.
             The game lasted 00:15:03 (3617 turns).

PossumBlood the Conjurer (High Elf Conjurer)        Turns: 3617, Time: 00:15:03

Health: -5/37      AC:  5    Str:  7    XL:     6   Next: 41%
Magic:  5/13       EV: 14    Int: 22    God:
Gold:   154        SH:  0    Dex: 19    Spells: 1 memorised, 12 levels left

rFire  . . .     SeeInvis .     q - +0 short sword
rCold  . . .     Clarity  .     a - +0 robe
rNeg   . . .     SustAt   .     (no shield)
rPois  .         Gourm    .     (no helmet)
rElec  .         Spirit   .     (no cloak)
rCorr  .         Warding  .     d - +2 pair of gloves
rMut   .         Stasis   .     (no boots)
MR     .....                    (no amulet)
Stlth  +++.......               c - +2 ring of dexterity
                                o - +2 ring of intelligence

@: not resistant to hostile enchantments, fairly stealthy
A: no striking features
a: no special abilities


You were on level 5 of the Dungeon.
You were not hungry.

You visited 1 branch of the dungeon, and saw 5 of its levels.

You collected 154 gold pieces.

Inventory:

Hand Weapons
 e - a +0 club
 h - a +0 dagger
 j - a +2 whip of venom
 q - a +0 short sword (weapon)
Armour
 a - a +0 robe (worn)
 d - a +2 pair of gloves (worn)
Jewellery
 c - a +2 ring of dexterity (right hand)
 n - an uncursed ring of protection from fire {unknown}
 o - a +2 ring of intelligence (left hand)
Scrolls
 f - 2 scrolls of remove curse
Potions
 m - a potion of berserk rage {unknown}
 p - a potion of mutation {unknown}
 t - a potion of might
Books
 b - a book of Conjurations

   Spells                             Type                      Level
   a - Magic Dart                     Conjuration                  1
   b - Searing Ray                    Conjuration                  2
   c - Dazzling Spray                 Conjuration/Hexes            3
   d - Fulminant Prism                Conjuration/Hexes            4
   e - Iskenderun's Mystic Blast      Conjuration                  4
   f - Iskenderun's Battlesphere      Conjuration/Charms           5
 k - a Young Poisoner's Handbook

   Spells                             Type                      Level
   a - Sting                          Conjuration/Poison           1
   b - Cure Poison                    Poison                       2
   c - Mephitic Cloud                 Conjuration/Poison/Air       3
   d - Olgreb's Toxic Radiance        Poison                       4
   e - Venom Bolt                     Conjuration/Poison           5
Comestibles
 g - 2 bread rations
 i - a beef jerky
 r - a slice of pizza
 s - a meat ration


   Skills:
 + Level 0.8 Fighting
 - Level 0.5 Maces & Flails
 + Level 3.4 Dodging
 + Level 3.0 Stealth
 + Level 4.4 Spellcasting
 + Level 6.5 Conjurations


You had 12 spell levels left.
You knew the following spells:

 Your Spells              Type           Power        Failure   Level  Hunger
a - Magic Dart            Conj           ####         1%          1    None


Dungeon Overview and Level Annotations

Branches:
Dungeon (5/15)
 Temple: D:4-7

Altars:
Kikubaaqudgha
Makhleb
Ru
Trog
The Shining One

Annotations:
D:5 Grinder


Message History

The scroll dissolves into smoke.
Grinder hits you but does no damage. The centaur skeleton barely misses you.
Casting: Magic Dart
Confirm with . or Enter, or press ? or * to list all spells.
Aiming: Magic Dart
Press: ? - help, Shift-Dir - straight line, f/p - Grinder
Aim: Grinder (grey smoke, almost dead)
The magic dart hits Grinder.
Grinder is almost dead.
Grinder gestures.
Grinder blinks!
The centaur skeleton misses you.
Casting: Magic Dart
Confirm with . or Enter, or press ? or * to list all spells.
Aiming: Magic Dart
Press: ? - help, Shift-Dir - straight line, f/p - Grinder
Aim: Grinder (grey smoke, almost dead)
The magic dart hits Grinder.
Grinder is almost dead.
The centaur skeleton hits you.
You die...

### ######.. .# ...##.#
#.# ##.##.# #.#
#..######§..#.###### #.#
.....§Z@5§.........# #.#
=...#####§..#.####.###.#
. ##.##.####.##...
#..............
####.####>##...
#.....#....#
######.##### # ##


You could see Grinder and a centaur skeleton.

Vanquished Creatures
  A scorpion (D:4)
  A hound (D:5)
  2 giant frog skeletons (D:4)
  Natasha (twice) (D:2)
  An iguana (D:4)
  7 gnolls (D:2)
  4 adders
  A shadow imp (D:5)
  A worm (D:3)
  5 giant geckos
  4 orcs
  3 giant cockroaches
  8 goblins
  6 hobgoblins
  2 jackals (D:4)
  4 kobolds
  2 ball pythons
  8 bats
  2 giant newts
  3 quokkas (D:3)
  A quokka skeleton (D:4)
  5 rats
73 creatures vanquished.

Notes
Turn   | Place    | Note
--------------------------------------------------------------
     0 | D:1      | PossumBlood the High Elf Conjurer began the quest for the Orb.
     0 | D:1      | Reached XP level 1. HP: 11/11 MP: 4/4
   200 | D:1      | Reached XP level 2. HP: 17/17 MP: 0/6
   498 | D:1      | Reached skill level 5 in Conjurations
   861 | D:2      | Noticed Natasha
   867 | D:2      | Killed Natasha
   867 | D:2      | Reached XP level 3. HP: 7/21 MP: 0/8
  1133 | D:2      | Reached XP level 4. HP: 27/27 MP: 1/9
  1249 | D:2      | Found a bloodstained altar of Trog.
  1316 | D:2      | Noticed Natasha
  1322 | D:2      | Killed Natasha
  1509 | D:2      | HP: 1/27 [gnoll/flail (12)]
  1972 | D:2      | Found a sacrificial altar of Ru.
  2079 | D:3      | Reached XP level 5. HP: 31/31 MP: 6/11
  2512 | D:3      | Found a burning altar of Makhleb.
  2764 | D:4      | Found an ancient bone altar of Kikubaaqudgha.
  2992 | D:4      | Reached skill level 6 in Conjurations
  3144 | D:4      | Reached XP level 6. HP: 37/37 MP: 7/13
  3342 | D:4      | Found a glowing golden altar of the Shining One.
  3498 | D:5      | Entered Level 5 of the Dungeon
  3597 | D:5      | Noticed Grinder
  3599 | D:5      | Paralysed by Grinder for 3 turns
  3608 | D:5      | Paralysed by Grinder for 7 turns
  3614 | D:5      | HP: 1/37 [centaur skeleton (8)]
  3617 | D:5      | Slain by a centaur skeleton

Action                   |  1- 3 |  4- 6 || total
-------------------------+-------+-------++-------
Melee: Club              |     6 |       ||     6
       Whip              |     9 |    23 ||    32
 Cast: Magic Dart        |    52 |   128 ||   180
  Use: Scroll            |     4 |     5 ||     9
       Potion            |     3 |     2 ||     5
 Stab: Sleeping          |     1 |       ||     1
  Eat: Bread ration      |     1 |     1 ||     2
